[Event "51st Rilton Cup 2023-24"]
[Site "Stockholm"]
[Date "2024.01.05"]
[Round "9.17"]
[White "Dragicevic, Drazen"]
[Black "Costa, Leonardo"]
[Result "0-1"]
[ECO "A46"]
[WhiteElo "2322"]
[BlackElo "2472"]
[Annotator "TA"]
[PlyCount "50"]
[EventDate "2023.12.27"]
[EventType "swiss"]
[EventCountry "SWE"]
[SourceTitle "playchess.com"]
[Source "ChessBase"]
[SourceQuality "1"]
[TimeControl "40/5400+30:1800+30"]

1. Nf3 d5 2. d4 Nf6 3. g3 e6 4. Bg2 Be7 5. O-O b5 6. a4 {[%emt 0:01:32] A46: 1 d4 Nf6 2 Nf3 e6: Torre, London and Colle Systems.} b4 {[%emt 0:02:21] [#]} 7. c4 $1 bxc3 8. bxc3 {[%emt 0:04:11] The position is equal.} Ba6 9. Nbd2 Nbd7 10. c4 c5 {[%emt 0:02:17] [#]} 11. dxc5 $146 ({Predecessor:} 11. Ne5 Rc8 12. cxd5 Nxe5 13. dxe5 Nxd5 14. Ne4 O-O 15. Bb2 Rb8 16. Rb1 Qa5 17. Qc2 {0-1 Perez Vega,L (1765)-Montes Cervantes,R (2063) MEX-ch U26 Merida 2019 (4)}) 11... Nxc5 12. cxd5 Nxd5 13. Bb2 {[%emt 0:00:20] Against Nc3} O-O 14. Nd4 Qd7 {[%emt 0:02:38] Prevents Nc6} 15. Ne4 Rab8 {[%emt 0:05:17] ...Nxe4 would be deadly.} 16. Nxc5 Bxc5 17. Rc1 Rfc8 18. Ba1 Bb6 (18... Bf8 $15 {should be considered.}) 19. Qd2 $11 Qxa4 20. Bxd5 {[%emt 0:01:00][%cal Od4e6] Threatens to win with Nxe6!} exd5 21. Nf5 {[%emt 0:00:30] Hoping for Qg5.} Rxc1 22. Rxc1 {[%emt 0:01:47] Qg5 is the strong threat.} Qg4 {[%emt 0:00:03][%csl LRe2,LRf5] Against Qg5. The board is on fire.} 23. Qxd5 (23. Ne7+ $11 {remains equal.} Kh8 24. Nxd5) 23... Qxe2 $17 24. Bxg7 $2 (24. Bd4 $17 Rd8 25. Qe5 Qxe5 26. Bxe5) 24... Qxf2+ (24... Bb7 $2 25. Nh6+ (25. Qxb7 Qxf2+ 26. Kh1 Qxf5 $16) 25... Kxg7 26. Qg5+ Kf8 27. Qg8+ {[%mdl 64] Skewer, Double Attack} Ke7 28. Qxf7+ Kd8 29. Qf8+ Kd7 30. Qg7+ Ke8 31. Qf7+ (31. Qxh7 $2 Bxf2#) 31... Kd8 32. Qf6+ Ke8 33. Qf7+ Kd8 $18) 25. Kh1 {[%emt 0:00:02] [#]} Qxf5 $3 {[%emt 0:00:22][%mdl 576] Deflection. A cool game by Costa.   Weighted Error Value: White=0.46/Black=0.06 (flawless)} 0-1

[Event "51st Rilton Cup 2023-24"]
[Site "Stockholm"]
[Date "2024.01.05"]
[Round "9.18"]
[White "Anand, Batsukh"]
[Black "Terrieux, Kevin"]
[Result "1/2-1/2"]
[ECO "A08"]
[WhiteElo "2263"]
[BlackElo "2432"]
[Annotator "RC"]
[PlyCount "115"]
[EventDate "2023.12.27"]
[EventType "swiss"]
[EventCountry "SWE"]
[SourceTitle "playchess.com"]
[Source "ChessBase"]
[SourceQuality "1"]
[TimeControl "40/5400+30:1800+30"]

1. Nf3 c5 2. g3 g6 3. Bg2 Bg7 4. O-O Nc6 5. d3 d5 6. c3 Nf6 7. Nbd2 O-O 8. e4 e5 9. exd5 Nxd5 10. Nc4 h6 11. Re1 Re8 12. Qb3 Nc7 13. Be3 b5 14. Na3 Be6 15. Qc2 Bf5 16. Rad1 c4 17. Qc1 Bxd3 18. Bxh6 e4 19. Bxg7 Kxg7 20. Ng5 f5 21. f3 e3 22. Rxe3 Qxg5 23. Rexd3 Qxc1 24. Rd7+ Re7 25. Rxe7+ Nxe7 26. Rxc1 Rd8 27. b3 cxb3 28. axb3 Rd2 29. Bf1 a6 30. Nc2 Nc6 31. f4 Na5 32. Nd4 Nd5 33. Ra1 Nxc3 34. Ne6+ Kf6 35. Rxa5 Kxe6 36. Rxa6+ Rd6 37. Rxd6+ Kxd6 38. b4 Ke7 39. Kf2 Nd5 40. Bxb5 Nxb4 41. Ke3 Nd5+ 42. Kd4 Nf6 43. Be2 Kd6 44. Bf3 Nd7 45. Bd5 Ke7 46. h3 Nf6 47. Bf3 Kd6 48. g4 fxg4 49. hxg4 g5 50. fxg5 Nh7 51. g6 Nf8 52. Be4 Ne6+ 53. Kc4 Ke7 54. Bf5 Nf4 55. g5 Kf8 56. Kd4 Kg7 57. Ke5 Nxg6+ 58. Bxg6 1/2-1/2

[Event "51st Rilton Cup 2023-24"]
[Site "Stockholm"]
[Date "2024.01.05"]
[Round "9.19"]
[White "Akesson, Ralf"]
[Black "Marn, Jan"]
[Result "0-1"]
[ECO "D37"]
[WhiteElo "2387"]
[BlackElo "2322"]
[Annotator "RC"]
[PlyCount "60"]
[EventDate "2023.12.27"]
[EventType "swiss"]
[EventCountry "SWE"]
[SourceTitle "playchess.com"]
[Source "ChessBase"]
[SourceQuality "1"]
[TimeControl "40/5400+30:1800+30"]

1. d4 d5 2. c4 e6 3. Nf3 Nf6 4. Nc3 h6 5. a3 a6 6. e3 Be7 7. b4 O-O 8. Bb2 b6 9. Bd3 dxc4 10. Bxc4 Bb7 11. Qb3 Nbd7 12. Rd1 Qc8 13. O-O c5 14. Ne5 Nxe5 15. dxe5 Ng4 16. Nb1 Qc6 17. f3 cxb4 18. Rc1 Bc5 19. Bd4 Rfd8 20. axb4 Bxd4 21. exd4 Rac8 22. Qa3 Qd7 23. Rfd1 Nxe5 24. Bf1 Rxc1 25. Qxc1 Nc6 26. b5 Nxd4 27. bxa6 Bxa6 28. Nc3 Bxf1 29. Kxf1 Qc7 30. Qb2 Nf5 0-1

[Event "51st Rilton Cup 2023-24"]
[Site "Stockholm"]
[Date "2024.01.05"]
[Round "9.20"]
[White "Moksh Amit Doshi"]
[Black "Mamedov, Edgar"]
[Result "1-0"]
[ECO "D52"]
[WhiteElo "2366"]
[BlackElo "2321"]
[Annotator "RC"]
[PlyCount "129"]
[EventDate "2023.12.27"]
[EventType "swiss"]
[EventCountry "SWE"]
[SourceTitle "playchess.com"]
[Source "ChessBase"]
[SourceQuality "1"]
[TimeControl "40/5400+30:1800+30"]

1. d4 d5 2. c4 e6 3. Nf3 Nf6 4. Nc3 c6 5. Bg5 Nbd7 6. e3 Qa5 7. Nd2 dxc4 8. Bxf6 Nxf6 9. Nxc4 Qc7 10. Rc1 Be7 11. g3 O-O 12. Bg2 Rd8 13. O-O Bd7 14. e4 b5 15. Ne3 Qb6 16. e5 Nd5 17. Ne4 Be8 18. Rc2 Rd7 19. Rd2 Rad8 20. Qg4 Kh8 21. Rc1 Rc7 22. Nc5 Qa5 23. Qd1 Bg5 24. Rd3 Nb4 25. Ra3 Qb6 26. Rb3 Nd5 27. h4 Be7 28. Nc4 bxc4 29. Rxb6 axb6 30. Ne4 b5 31. a3 Nb6 32. Rc2 Rcd7 33. Rd2 Na4 34. Qc2 c5 35. dxc5 Rxd2 36. Nxd2 Nxc5 37. b3 Nd3 38. bxc4 Ne1 39. Qc3 Rd3 40. Qc1 Nxg2 41. Kxg2 Bc6+ 42. Kh2 b4 43. axb4 g5 44. b5 Ba8 45. c5 gxh4 46. c6 hxg3+ 47. fxg3 Bg5 48. c7 Bb7 49. c8=Q+ Bxc8 50. Qxc8+ Rd8 51. Qc7 Rxd2+ 52. Kh3 Kg7 53. b6 Bd8 54. Qc6 Bxb6 55. Qxb6 Rd1 56. Qf2 Rh1+ 57. Kg4 Rh6 58. Kf4 Rh5 59. Ke4 Rf5 60. Qa7 h5 61. Qe7 Kg6 62. Qf8 Kh7 63. Kd4 Kg6 64. Qg8+ Kh6 65. Ke4 1-0

[Event "51st Rilton Cup 2023-24"]
[Site "Stockholm"]
[Date "2024.01.05"]
[Round "9.21"]
[White "Kavutskiy, Konstantin"]
[Black "Yordanov, Lachezar"]
[Result "1/2-1/2"]
[ECO "D00"]
[WhiteElo "2384"]
[BlackElo "2312"]
[Annotator "RC"]
[PlyCount "83"]
[EventDate "2023.12.27"]
[EventType "swiss"]
[EventCountry "SWE"]
[SourceTitle "playchess.com"]
[Source "ChessBase"]
[SourceQuality "1"]
[TimeControl "40/5400+30:1800+30"]

1. d4 Nf6 2. Bg5 d5 3. e3 c5 4. Bxf6 gxf6 5. dxc5 e6 6. Nf3 Nd7 7. c4 dxc4 8. Bxc4 Nxc5 9. Qc2 Bd7 10. O-O b5 11. Be2 Rc8 12. Rd1 Bg7 13. Bxb5 O-O 14. Nc3 Qe7 15. Bxd7 Nxd7 16. e4 Nb6 17. Rd3 Rc5 18. Rad1 Rfc8 19. Qe2 h6 20. Nd4 Kh7 21. f4 f5 22. e5 Nc4 23. Kh1 Qb7 24. Nb3 R5c7 25. h3 Qb4 26. Rd4 Qb7 27. R1d3 Qb6 28. g4 fxg4 29. hxg4 Qb7+ 30. Kh2 f6 31. Qc2 Kg8 32. Rd8+ Kf7 33. exf6 Bxf6 34. R3d7+ Rxd7 35. Qh7+ Bg7 36. Qg8+ Kf6 37. Rxc8 Qf3 38. Rf8+ Bxf8 39. Qxf8+ Kg6 40. Qg8+ Kf6 41. Qf8+ Kg6 42. Qg8+ 1/2-1/2

[Event "51st Rilton Cup 2023-24"]
[Site "Stockholm"]
[Date "2024.01.05"]
[Round "9.22"]
[White "Eggleston, David J"]
[Black "Farokhi, Keyvan"]
[Result "1/2-1/2"]
[ECO "B12"]
[WhiteElo "2353"]
[BlackElo "2298"]
[Annotator "RC"]
[PlyCount "105"]
[EventDate "2023.12.27"]
[EventType "swiss"]
[EventCountry "SWE"]
[SourceTitle "playchess.com"]
[Source "ChessBase"]
[SourceQuality "1"]
[TimeControl "40/5400+30:1800+30"]

1. e4 c6 2. d4 d5 3. e5 c5 4. dxc5 e6 5. Nf3 Bxc5 6. Bd3 Ne7 7. a3 a6 8. b4 Ba7 9. O-O Nbc6 10. Bb2 Ng6 11. c4 d4 12. Re1 Bb8 13. Bxg6 hxg6 14. b5 Na5 15. Qd3 axb5 16. cxb5 Qd5 17. Nbd2 Rh5 18. Re4 Bd7 19. a4 Ba7 20. Bxd4 Rc8 21. Qe3 Nc4 22. Nxc4 Rxc4 23. Re1 Bxd4 24. Rxd4 Rxd4 25. Qxd4 Qxd4 26. Nxd4 Rh4 27. Rd1 Re4 28. a5 Rxe5 29. a6 bxa6 30. b6 Bc8 31. Nc6 Rd5 32. Rxd5 exd5 33. Na5 Kd8 34. b7 Bxb7 35. Nxb7+ Kc7 36. Nc5 Kb6 37. Nd3 Kb5 38. Kf1 a5 39. Ke2 a4 40. Kd2 Kc4 41. Kc2 f6 42. h4 a3 43. Nc1 d4 44. f3 g5 45. hxg5 fxg5 46. Kd2 d3 47. g3 g4 48. fxg4 g5 49. Na2 Kb3 50. Kxd3 Kxa2 51. Kc2 Ka1 52. Kc1 a2 53. Kc2 1/2-1/2

[Event "51st Rilton Cup 2023-24"]
[Site "Stockholm"]
[Date "2024.01.05"]
[Round "9.23"]
[White "Citak, Selim"]
[Black "Krawczyk, Flawian"]
[Result "0-1"]
[ECO "E51"]
[WhiteElo "2350"]
[BlackElo "2251"]
[Annotator "RC"]
[PlyCount "42"]
[EventDate "2023.12.27"]
[EventType "swiss"]
[EventCountry "SWE"]
[SourceTitle "playchess.com"]
[Source "ChessBase"]
[SourceQuality "1"]
[TimeControl "40/5400+30:1800+30"]

1. d4 Nf6 2. c4 e6 3. Nf3 d5 4. Nc3 Bb4 5. e3 O-O 6. Bd2 Re8 7. Rc1 c6 8. Qc2 Nbd7 9. Be2 dxc4 10. Bxc4 Bd6 11. O-O h6 12. e4 e5 13. Qb3 Qe7 14. d5 b5 15. Bd3 Nc5 16. Qc2 b4 17. dxc6 bxc3 18. Bxc3 Bg4 19. Nxe5 Bxe5 20. Bxe5 Nxd3 21. Bxf6 Qxe4 0-1

[Event "51st Rilton Cup 2023-24"]
[Site "Stockholm"]
[Date "2024.01.05"]
[Round "9.24"]
[White "Logdahl, Harald"]
[Black "Nyysti, Sampsa"]
[Result "0-1"]
[ECO "A36"]
[WhiteElo "2187"]
[BlackElo "2339"]
[Annotator "RC"]
[PlyCount "104"]
[EventDate "2023.12.27"]
[EventType "swiss"]
[EventCountry "SWE"]
[SourceTitle "playchess.com"]
[Source "ChessBase"]
[SourceQuality "1"]
[TimeControl "40/5400+30:1800+30"]

1. e4 c5 2. c4 Nc6 3. Nc3 g6 4. g3 Bg7 5. Bg2 e6 6. Nge2 Nge7 7. O-O d6 8. d3 O-O 9. Be3 Nd4 10. Qd2 b6 11. Bh6 Bb7 12. Bxg7 Kxg7 13. f4 Qd7 14. Nxd4 cxd4 15. Ne2 e5 16. f5 gxf5 17. Qg5+ Ng6 18. Bh3 Qe7 19. Qxf5 h5 20. Qf3 Qg5 21. Kh1 f5 22. Bxf5 Ne7 23. h4 Qxf5 24. exf5 Bxf3+ 25. Rxf3 Rxf5 26. Raf1 Rxf3 27. Rxf3 b5 28. cxb5 Rc8 29. Ng1 Rc2 30. Nh3 Rxb2 31. Ng5 Kg6 32. Rf7 Nf5 33. Rxa7 Nxg3+ 34. Kg1 Rxb5 35. Ra6 Rb2 36. Rxd6+ Kf5 37. a4 Ra2 38. Nf7 e4 39. dxe4+ Kxe4 40. Ng5+ Ke3 41. Re6+ Kf4 42. Rd6 Nf5 43. Rd5 Rxa4 44. Kh2 Kg4 45. Ne6 Ra2+ 46. Kg1 Rd2 47. Nc5 Nxh4 48. Ne4 Nf3+ 49. Kf1 Rd1+ 50. Kg2 Kf4 51. Nf6 Rd2+ 52. Kf1 Ke3 0-1

[Event "51st Rilton Cup 2023-24"]
[Site "Stockholm"]
[Date "2024.01.05"]
[Round "9.25"]
[White "Starosta, Martyna"]
[Black "Dotzer, Lukas"]
[Result "1/2-1/2"]
[ECO "B50"]
[WhiteElo "2067"]
[BlackElo "2338"]
[Annotator "RC"]
[PlyCount "61"]
[EventDate "2023.12.27"]
[EventType "swiss"]
[EventCountry "SWE"]
[SourceTitle "playchess.com"]
[Source "ChessBase"]
[SourceQuality "1"]
[TimeControl "40/5400+30:1800+30"]

1. e4 c5 2. Nf3 d6 3. c3 Nf6 4. Be2 g6 5. O-O Bg7 6. Bb5+ Nbd7 7. Re1 a6 8. Bf1 e5 9. d4 cxd4 10. cxd4 O-O 11. dxe5 dxe5 12. Nc3 b5 13. Bg5 h6 14. Bxf6 Bxf6 15. Qd2 Bg7 16. Red1 Kh7 17. Rac1 Qa5 18. Qd5 Nb6 19. Qc5 Na4 20. Qa3 Bb7 21. b3 Qxc3 22. Rxc3 Nxc3 23. Rd7 Bxe4 24. Qd6 Bf5 25. Rc7 e4 26. Ne5 Rad8 27. Nd7 Kg8 28. Qc6 Rxd7 29. Rxd7 Bxd7 30. Qxd7 Nxa2 31. Qc6 1/2-1/2

[Event "51st Rilton Cup 2023-24"]
[Site "Stockholm"]
[Date "2024.01.05"]
[Round "9.26"]
[White "Tulchynskyi, Feliks"]
[Black "Borgaonkar Akshay"]
[Result "1/2-1/2"]
[ECO "E71"]
[WhiteElo "2325"]
[BlackElo "2206"]
[Annotator "RC"]
[PlyCount "81"]
[EventDate "2023.12.27"]
[EventType "swiss"]
[EventCountry "SWE"]
[SourceTitle "playchess.com"]
[Source "ChessBase"]
[SourceQuality "1"]
[TimeControl "40/5400+30:1800+30"]

1. d4 Nf6 2. c4 g6 3. Nc3 Bg7 4. e4 d6 5. h3 O-O 6. Be3 Nc6 7. d5 Ne5 8. f4 Ned7 9. g4 c6 10. Nge2 Qa5 11. Qd2 cxd5 12. cxd5 Nc5 13. Rb1 Nfxe4 14. Nxe4 Nd3+ 15. Kd1 Qa4+ 16. b3 Qxe4 17. Ng3 Qf3+ 18. Be2 Nf2+ 19. Ke1 Qxg3 20. Bxf2 Qg2 21. Rg1 Qe4 22. Rc1 b5 23. Qe3 Qxe3 24. Bxe3 Bb7 25. Rc7 Bxd5 26. Rxe7 a6 27. Kf2 Bf6 28. Rd7 Bh4+ 29. Kf1 Rfd8 30. Rxd8+ Bxd8 31. Bd3 Rc8 32. Ke2 Bf6 33. Rc1 Re8 34. Kf2 h6 35. a4 Bxb3 36. axb5 axb5 37. Bxb5 Rb8 38. Bc6 Be6 39. Rd1 Rc8 40. Be4 Rc4 41. Kf3 1/2-1/2